Map: Blackpink LE

Players

Dark - Winner!

  • Race: Zerg Zerg
  • Spawn Location: 1:00

Classic

  • Race: Protoss Protoss
  • Spawn Location: 7:00

Event: WESG 2017 Haikou

VOD

Have the link to the VOD?

Description

Time

  • Played on: March 17, 2018, 4:31 a.m.
  • Length: 17:08

All games in this series

Show
View Real Time Build Order
Export as new Build Order

Dark Zerg - Winner!

Build Orders: Hatch First, Lurkers, Roach Hydra 

Get SALT Encoding   

  12  0:00  Drone  
  13  0:12  Overlord  
  13  0:17  Drone  
  14  0:31  Drone x2  
  14  0:35  Drone  
  17  0:51  Hatchery  
  17  0:54  Drone  
  17  0:57  Drone  
  18  1:09  Extractor  
  17  1:12  Spawning Pool  
  17  1:15  Drone  
  17  1:18  Drone  
  18  1:28  Drone  
  19  1:40  Overlord  
  19  1:49  Drone  
  20  1:59  Queen  
  22  2:02  Drone, Queen  
  22  2:03  Zergling x2  
  26  2:16  Drone x2  
  28  2:24  Hatchery  
  27  2:30  Drone  
  27  2:35  Queen  
  27  2:36  Drone  
  31  2:38  Drone  
  31  2:44  Overlord  
  32  2:45  Drone  
  32  2:47  Drone  
  34  2:59  Drone x2  
  36  3:08  Drone  
  36  3:09  Drone x4  
  36  3:11  Drone  
  36  3:12  Drone  
  43  3:14  Overlord  
  43  3:24  Overlord  
  43  3:25  Spore Crawler  
  42  3:32  Queen  
  44  3:37  Drone x2  
  44  3:38  Drone x2  
  48  3:41  Drone  
  48  3:43  Lair  
  48  3:46  Roach Warren  
  48  3:48  Drone  
  48  3:49  Drone  
  48  3:54  Evolution Chamber  
  48  3:56  Drone  
  48  4:00  Drone x3  
  48  4:01  Extractor  
  51  4:03  Spore Crawler  
  51  4:04  Drone x2  
  51  4:09  Drone  
  53  4:13  Drone x4  
  53  4:16  Drone  
  57  4:20  Drone  
  57  4:23  Overlord, Spore Crawler  
  57  4:26  Zerg Missile Weapons Level 1  
  57  4:29  Overlord  
  57  4:31  Overlord  
  57  4:35  Overlord  
  57  4:41  Glial Reconstitution  
  57  4:42  Drone, Extractor  
  57  4:43  Drone x3, Extractor  
  57  4:44  Drone  
  59  4:47  Drone x2  
  59  4:48  Drone  
  59  4:51  Drone x2  
  63  4:53  Drone  
  63  4:55  Drone x2  
  63  4:57  Drone  
  67  5:05  Overlord  
  67  5:10  Drone, Overlord  
  67  5:12  Drone x3  
  71  5:17  Roach  
  71  5:18  Roach x4  
  81  5:32  Roach x3  
  81  5:33  Roach x3  
  93  5:43  Hatchery  
  93  5:46  Drone  
  93  5:47  Roach x2  
  93  5:48  Drone x3, Roach  
  93  5:49  Drone x2  
  104  5:52  Overlord  
  104  5:53  Extractor, Drone  
  105  5:57  Drone  
  106  6:09  Hydralisk Den, Overlord x2  
  106  6:10  Hatchery  
  104  6:11  Extractor  
  103  6:20  Drone  
  103  6:21  Drone x3  
  107  6:26  Infestation Pit  
  107  6:30  Roach x3  
  112  6:36  Zerg Missile Weapons Level 2  
  112  6:40  Drone  
  113  6:52  Hatchery  
  112  6:57  Grooved Spines  
  112  6:58  Overlord  
  112  6:59  Drone x9  
  119  7:01  Hydralisk  
  119  7:02  Hydralisk x3  
  124  7:11  Hydralisk x2  
  124  7:13  Overseer, Hive  
  124  7:19  Extractor  
  124  7:22  Extractor  
  122  7:23  Hydralisk x3  
  128  7:31  Drone, Lurker Den  
  128  7:35  Drone  
  128  7:36  Drone  
  130  7:38  Overlord x8  
  130  7:47  Spore Crawler  
  130  7:50  Overseer  
  129  7:54  Overlord x2  
  129  7:55  Hydralisk x4  
  137  8:00  Hydralisk x2  
  137  8:01  Hydralisk x3  
  147  8:09  Muscular Augments  
  147  8:15  Hydralisk x2  
  147  8:17  Roach x5  
  147  8:18  Roach x4  
  169  8:26  Hatchery  
  168  8:30  Roach x4  
  168  8:32  Overlord  
  176  8:42  Spine Crawler x2  
  176  8:44  Hydralisk x2  
  176  8:46  Overlord  
  176  8:57  Lurker x8  
  176  8:58  Lurker  
  185  9:06  Hydralisk x4  
  185  9:09  Roach x2  
  197  9:12  Roach  
  199  9:18  Pneumatized Carapace  
  199  9:28  Zerg Missile Weapons Level 3  
  199  9:29  Drone  
  200  9:31  Evolution Chamber  
  194  9:57  Hydralisk x2  
  174  10:00  Roach x11  
  174  10:03  Roach x3  
  196  10:10  Roach x4  
  196  10:13  Roach x3  
  192  10:14  Hydralisk x3  
  192  10:16  Roach  
  177  10:25  Hydralisk, Drone x2  
  177  10:26  Hydralisk  
  183  10:31  Zerg Ground Armor Level 1  
  183  10:37  Lurker  
  183  10:38  Lurker x3  
  187  10:44  Hatchery  
  186  10:52  Extractor, Spore Crawler  
  186  10:53  Drone  
  186  10:54  Hydralisk x2, Extractor  
  188  11:02  Hydralisk x3  
  192  11:21  Hydralisk x3  
  192  11:22  Hydralisk x2  
  200  11:32  Hydralisk x3  
  198  11:51  Hydralisk x5  
  197  11:58  Hydralisk x3  
  185  12:13  Hydralisk x6  
  185  12:14  Hydralisk x2  
  171  12:16  Roach  
  171  12:22  Drone x2  
  169  12:23  Drone x5  
  169  12:29  Hydralisk x3  
  180  12:32  Roach x3  
  180  12:33  Roach x2  
  180  12:36  Roach x2  
  194  12:40  Roach  
  194  12:41  Roach  
  193  12:51  Hydralisk x2  
  193  12:52  Hydralisk  
  193  12:58  Roach x5  
  189  12:59  Roach  
  189  13:03  Roach x4  
  183  13:09  Roach x4  
  183  13:10  Roach x2  
  167  13:13  Hydralisk  
  167  13:16  Roach  
  167  13:19  Roach x4  
  165  13:21  Roach x2  
  165  13:25  Hydralisk  
  159  13:31  Hydralisk x3  
  165  13:35  Zerg Ground Armor Level 2  
  165  13:37  Roach x5  
  173  13:43  Roach x3  
  173  13:45  Hydralisk  
  173  13:48  Hydralisk  
  179  13:51  Zerg Melee Weapons Level 1, Metabolic Boost  
  179  13:52  Hydralisk x3  
  179  13:54  Roach x2  
  179  13:55  Roach x2  
  195  13:56  Roach  
  195  13:58  Roach  
  195  14:01  Roach  
  195  14:02  Roach  
  197  14:13  Hydralisk x2  
  197  14:14  Hydralisk x2  
  197  14:15  Roach  
  197  14:16  Roach x2  
  199  14:26  Spire  
  196  14:38  Hydralisk x7  
  192  15:14  Hydralisk x2  
  192  15:18  Hydralisk x2  
  196  15:31  Overseer x2  
  196  15:35  Hydralisk x5  
  190  15:48  Greater Spire, Lurker  
  190  15:49  Lurker x8  
  183  15:50  Hydralisk x3  
  183  15:55  Hydralisk  
  187  16:01  Mutalisk  
  187  16:06  Hydralisk x2  
  187  16:07  Hydralisk x6  
Show
View Real Time Build Order
Export as new Build Order

Classic Protoss 

Build Orders: 1 Gate Expand, Oracle Opening, Phoenix Opening, Archon Immortal, Zealot Archon, Archon Drop 

Get SALT Encoding   

  12  0:00  Probe  
  13  0:12  Probe  
  14  0:18  Pylon  
  14  0:24  Probe  
  15  0:31  Assimilator  
  15  0:36  Probe (Chrono Boost)  
  16  0:46  Probe (Chrono Boost)  
  16  0:48  Gateway  
  17  0:51  Probe (Chrono Boost)  
  18  1:03  Probe  
  19  1:15  Probe  
  20  1:24  Nexus  
  20  1:27  Probe  
  21  1:36  Cybernetics Core  
  21  1:39  Probe  
  22  1:44  Assimilator  
  22  1:51  Pylon  
  22  1:54  Probe  
  23  2:09  Probe  
  23  2:11  Adept (Chrono Boost)  
  23  2:14  Stargate  
  26  2:17  Warp Gate  
  26  2:21  Probe  
  27  2:29  Stalker  
  27  2:33  Probe (Chrono Boost)  
  27  2:35  Probe (Chrono Boost)  
  33  2:44  Probe (Chrono Boost)  
  33  2:45  Probe (Chrono Boost)  
  33  2:49  Probe (Chrono Boost)  
  33  2:50  Probe (Chrono Boost)  
  34  2:55  Oracle (Chrono Boost)  
  38  2:59  Probe  
  38  3:01  Probe  
  40  3:10  Pylon  
  40  3:11  Probe  
  41  3:14  Probe  
  41  3:18  Adept  
  44  3:23  Gateway  
  44  3:24  Probe  
  44  3:26  Probe  
  46  3:28  Phoenix  
  46  3:32  Assimilator  
  48  3:34  Assimilator  
  48  3:37  Probe  
  48  3:38  Probe  
  50  3:42  Pylon  
  50  3:49  Robotics Facility  
  50  3:52  Probe  
  50  3:53  Probe  
  52  4:00  Twilight Council  
  52  4:05  Probe x2  
  54  4:13  Gateway  
  54  4:14  Gateway  
  54  4:20  Probe x2  
  54  4:23  Gateway  
  56  4:25  Gateway  
  56  4:30  Pylon  
  56  4:34  Warp Prism (Chrono Boost)  
  58  4:43  Zealot x2  
  62  4:53  Templar Archives, Pylon  
  62  4:55  Charge  
  62  5:09  Nexus  
  62  5:12  Probe x2  
  64  5:24  Probe x2  
  66  5:29  Forge, Pylon, High Templar x4  
  66  5:33  Archon x2  
  74  5:37  Observer (Chrono Boost)  
  75  5:49  Probe  
  76  5:50  Gateway  
  76  5:52  Gateway  
  76  5:56  Immortal (Chrono Boost)  
  76  6:02  Protoss Ground Weapons Level 1 (Chrono Boost)  
  80  6:04  Pylon  
  80  6:06  Pylon  
  80  6:07  Probe x2  
  82  6:22  Probe x3  
  82  6:24  Assimilator  
  82  6:25  Immortal (Chrono Boost)  
  85  6:26  Assimilator  
  85  6:27  Pylon  
  89  6:33  High Templar x2  
  89  6:34  Probe x3  
  89  6:35  Psionic Storm  
  96  6:47  Archon  
  96  6:50  Zealot x5  
  100  6:56  Probe x3  
  103  7:12  Probe  
  103  7:13  Immortal (Chrono Boost), Probe x2  
  103  7:15  Pylon  
  110  7:27  Photon Cannon  
  110  7:28  Pylon  
  110  7:30  Probe x3, High Templar x2  
  110  7:31  Pylon, High Templar  
  119  7:42  Probe x3  
  122  7:44  High Templar  
  122  7:45  Immortal (Chrono Boost)  
  122  7:48  Pylon  
  122  7:49  Photon Cannon  
  122  7:50  Photon Cannon  
  128  7:53  Protoss Ground Weapons Level 2 (Chrono Boost)  
  128  7:58  Pylon  
  128  8:05  Photon Cannon  
  128  8:06  Pylon  
  128  8:09  Robotics Facility  
  125  8:16  Photon Cannon  
  125  8:21  Shield Battery, Observer (Chrono Boost)  
  125  8:22  High Templar  
  125  8:23  High Templar  
  130  8:30  Photon Cannon  
  130  8:32  Photon Cannon  
  130  8:33  Nexus  
  130  8:34  Pylon  
  130  8:39  Immortal  
  134  8:49  Probe x3, Pylon  
  134  8:52  Zealot x3  
  143  8:59  Pylon  
  143  9:00  High Templar, Observer  
  143  9:01  High Templar  
  148  9:05  Archon  
  148  9:09  Zealot x3  
  154  9:12  Probe x3  
  154  9:14  Assimilator  
  156  9:25  Zealot x3  
  156  9:27  Immortal (Chrono Boost)  
  156  9:31  Immortal (Chrono Boost)  
  170  9:41  Photon Cannon  
  151  10:02  Zealot x2  
  151  10:03  Zealot x6  
  167  10:12  Immortal x2 (Chrono Boost)  
  121  10:24  High Templar  
  121  10:26  Nexus  
  123  10:29  Pylon  
  123  10:30  High Templar x3  
  123  10:31  High Templar  
  131  10:35  Archon  
  131  10:36  Archon, High Templar x2  
  131  10:39  Sentry  
  137  10:45  Immortal x2 (Chrono Boost)  
  145  10:59  Probe x3  
  148  11:06  Photon Cannon  
  148  11:10  High Templar x2  
  148  11:11  Zealot x2  
  156  11:15  Archon  
  156  11:17  Archon  
  155  11:26  Immortal, Warp Prism  
  159  11:33  Probe  
  159  11:34  Probe x2  
  159  11:35  Assimilator  
  159  11:37  Pylon  
  159  11:39  High Templar x2  
  164  11:48  Zealot x5  
  170  11:54  Zealot  
  167  12:02  Pylon  
  156  12:10  Observer (Chrono Boost)  
  156  12:13  Probe x3  
  154  12:28  Stalker x2, Fleet Beacon  
  154  12:29  Immortal (Chrono Boost)  
  166  12:32  Immortal (Chrono Boost)  
  166  12:33  Forge  
  166  12:41  Probe x3, Observer  
  163  12:45  Zealot x6  
  161  12:59  Zealot x2  
  155  13:12  Immortal x2  
  137  13:13  Zealot x4  
  137  13:19  Zealot x2  
  139  13:26  Zealot x2  
  143  13:32  Probe x4  
  142  13:42  Templar Archives  
  142  13:44  Probe x4  
  142  13:45  Stalker  
  146  13:59  Immortal  
  148  14:10  Zealot x6  
  148  14:17  Zealot x2  
  150  14:32  Zealot  
  150  14:33  Zealot x4  
  150  14:35  Probe x2  
  150  14:36  Probe x2, Pylon  
  155  14:43  High Templar x2  
  159  14:54  High Templar x5  
  159  14:55  High Templar  
  159  14:58  Archon  
  159  14:59  Archon  
  171  15:00  Archon  
  171  15:05  Probe x2  
  171  15:06  Probe x2  
  173  15:33  Zealot x3  
  173  15:34  Zealot x3  
  178  15:42  Immortal  
  153  15:59  Gateway  
  153  16:00  Gateway  
  153  16:01  High Templar  
  153  16:02  Robotics Facility, Pylon, High Templar x3  
  153  16:03  Zealot  
  168  16:06  Archon x2  
  168  16:10  High Templar  
  170  16:11  Pylon  
  170  16:12  Pylon  
  170  16:13  Pylon  
  170  16:21  Immortal  
  170  16:23  Assimilator  
  170  16:24  High Templar  
  176  16:26  Forge  
  150  16:51  Zealot x2  
  150  16:52  Zealot x3  
Tags
 
Add a new tag
Caveats
  • Supply blocks, unpowered buildings, or Contaminate may cause inaccurate times.
  • Supply counts are checked every 10 seconds.